 Dungeon Crawl Stone Soup version 0.31-a0-1343-gcd514f47d3 (webtiles) character file.

Game seed: 359086357721811645

3456 Bnni the Geomancer (level 10, 0/76 HPs)
             Began as a Formicid Earth Elementalist on Dec 22, 2023.
             Was a Priest of Cheibriados.
             Slain by Erica
             ... wielding a +2 scimitar of flaming
              (6 damage)
             ... on level 8 of the Dungeon.
             The game lasted 00:11:50 (6745 turns).

Bnni the Geomancer (Formicid Earth Elementalist)    Turns: 6745, Time: 00:11:51

Health: 0/76       AC: 18    Str: 19    XL:     10   Next: 26%
Magic:  14/17      EV:  9    Int: 21    God:    Cheibriados [***...]
Gold:   470        SH:  0    Dex: 24    Spells: 5/19 levels left

rFire   . . .        s - +8 short sword "Qafrao" {venom, Dex+4}
rCold   . . .        (no shield)
rNeg    + + .        w - +4 ring mail of the Healing Gods {Rampage rElec rN++ Int-4}
rPois   .            (helmet unavailable)
rElec   +            q - +2 cloak
rCorr   .            (no gloves)
SInv    +            o - +0 pair of boots
Will    ++...        f - amulet of magic regeneration
Stlth   ++           g - ring of willpower
HPRegen 0.32/turn    D - +4 ring of protection
MPRegen 0.55/turn

%: rampage
@: constricted, very slow
A: permanent stasis, dig shafts and tunnels, antennae 3, four strong arms
a: Dig, Shaft Self, Renounce Religion, Bend Time, Temporal Distortion


You were on level 8 of the Dungeon.
You worshipped Cheibriados.
Cheibriados was most pleased with you.
You visited 2 branches of the dungeon, and saw 10 of its levels.

You collected 470 gold pieces.

Inventory:

Hand Weapons
 m - the +1 hand axe "Dining" {flame, *Slow rN+ Dex+4}
   (You found it on level 2 of the Dungeon)

   Dex+4:     It affects your dexterity (+4).
   rN+:       It protects you from negative energy.
   *Slow:     It may slow you when you take damage.
 s - the +8 short sword "Qafrao" (weapon) {venom, Dex+4}
   (You found it on level 3 of the Dungeon)

   Dex+4:     It affects your dexterity (+4).
Missiles
 h - 2 throwing nets
Armour
 o - a +0 pair of boots (worn)
 q - a +2 cloak (worn)
 v - a +4 ring mail
 w - the +4 ring mail of the Healing Gods (worn) {Rampage rElec rN++ Int-4}
   (You found it on level 6 of the Dungeon)

   Int-4:     It affects your intelligence (-4).
   rElec:     It insulates you from electricity.
   rN++:      It greatly protects you from negative energy.
   Rampage:   It bestows one free step when moving towards enemies.
   Cheibriados disapproves of the use of such an item.
Magical Staves
 B - a staff of earth
Jewellery
 f - an amulet of magic regeneration (around neck)
 g - a ring of willpower (left hand)
 D - a +4 ring of protection (right hand)
Wands
 p - a wand of mindburst (1)
 u - a wand of flame (40)
Scrolls
 c - 2 scrolls of fear
 d - 3 scrolls of enchant armour
 j - a scroll of enchant weapon
 l - a scroll of amnesia
 r - a scroll of poison
 x - a scroll of noise {unknown}
 y - a scroll of teleportation {unknown}
 z - a scroll of acquirement {unknown}
 C - 3 scrolls of fog
Potions
 b - 2 potions of magic
 e - a potion of enlightenment
 i - 2 potions of lignification
 k - a potion of attraction
 n - 3 potions of curing
 t - a potion of brilliance
 A - a potion of cancellation {unknown}


   Skills:
 + Level 6.0 Fighting
 + Level 5.3 Armour
 - Level 1.7 Dodging
 - Level 2.4 Stealth
 - Level 5.2 Spellcasting
 * Level 10.1 Earth Magic
 - Level 2.0 Alchemy
 * Level 8.4 Invocations


You had 5 spell levels left.
You knew the following spells:

 Your Spells              Type           Power      Damage    Failure   Level
a - Sandblast             Erth           96%        2d20      1%          1
b - Passwall              Alch/Erth      25%        N/A       2%          2
c - Stone Arrow           Conj/Erth      52%        3d10      6%          3
d - Brom's Barrelling Bo  Conj/Erth      26%        2d5       22%         4
e - Petrify               Alch/Erth      31%        N/A       14%         4

Your spell library contained the following spells:

 Spells                   Type           Power      Damage    Failure   Level
 Foxfire                  Conj/Fire      20%        2x1d5     17%         1
 Slow                     Hex            20%        N/A       17%         1
 Confusing Touch          Hex            5%         N/A       45%         3
 Sigil of Binding         Hex            5%         N/A       45%         3
 Vampiric Draining        Necr           5%         2d6       45%         3
 Arcjolt                  Conj/Air       2%         1d12      99%         5
 Plasma Beam              Fire/Air       2%         2x1d12    100%        6
 Vhi's Electric Charge    Tloc/Air       Unusable   N/A       N/A         4

Dungeon Overview and Level Annotations

Branches:
Dungeon (9/15)             Temple (1/1) D:4             Orc (0/2) D:9
   Lair: D:8-11

Altars:
Ashenzari
Cheibriados
Dithmenos
Elyvilon
Fedhas
Gozag
Hepliaklqana
Kikubaaqudgha
Makhleb
Nemelex Xobeh
Qazlal
Ru
Sif Muna
Uskayaw
Vehumet
Wu Jian
Xom
Yredelemnul
Zin
The Shining One

Shops:
D:5 *   D:9 !

Annotations:
D:8 Erica
D:9 Jeremiah


Innate Abilities, Weirdness & Mutations

You cannot be hasted, slowed, berserked, paralysed or teleported.
You can dig through walls and to a lower floor.
You have a pair of large antennae on your head. (SInv)
Your four strong arms can wield two-handed weapons with a shield.


Message History

The orc misses you. The kobold hits you but does no damage.
Unknown command.
Unknown command.
You barely miss Erica.
Erica is moderately wounded.
Erica hits you with a +2 scimitar of flaming!
Erica burns you. Erica constricts you. The yak gores you.
The orc hits you but does no damage. The orc closely misses you.
The kobold hits you but does no damage.
Unknown command.
The flow of time bends around you.
Cheibriados rebukes Erica.
Erica seems to slow down.
Cheibriados rebukes the orc.
The orc seems to slow down.
Cheibriados rebukes the orc.
The orc seems to slow down.
Cheibriados rebukes the kobold.
The kobold seems to slow down.
The yak resists with some effort.
You kill the kobold!
Cheibriados appreciates the change of pace.
Erica hits you with a +2 scimitar of flaming!
Erica burns you. Erica constricts you.
* * * LOW HITPOINT WARNING * * *
The yak closely misses you.
Okay, then.
Unknown command.
Aiming: Sandblast (safe; 1% risk of failure)
Press: ? - help, Q - select action, (/) - cycle Shift-Dir - straight line, f - Erica
Aim: Erica, wielding a +2 scimitar of flaming and wearing a ring of willpower (moderately wounded, constricting you, slightly transparent, slow, 77% to hit)
The blast of sand hits Erica!!
Erica is severely wounded.
The orc hits you but does no damage. The yak gores you.
* * * LOW HITPOINT WARNING * * *
The orc closely misses you.
Erica hits you with a +2 scimitar of flaming!
* * * LOW HITPOINT WARNING * * *
Erica burns you.
You die...
Erica begins burbling mirthfully and uncontrollably.

.....#..............#(...#
................###.#..#.#
.......^........#.#.#..#.#
..................#....#.#
.....#.♣♣._.♣..##.###)##.#
########.♣♣♣♣####.###.##.#
#.....#######.##........#
#........##...x.......###
#........#####o@..#...#
#.............o)Y...###
##................##.#
..................##.#
..................##.#
.....###..........'..#
.....# #..........####
.....# #..........# .....#
#..........#


You could see Erica (invisible, slow), a yak and 2 orcs.

Vanquished Creatures
  A two-headed ogre (D:5)
  Pikel (D:7)
  A yak (D:8)
  2 wyverns (D:8)
  Eustachio (D:4)
  Duvessa (D:5)
  2 black bears
  2 ice beasts
  A sky beast (D:6)
  An ogre (D:7)
  2 centaurs
  A phantom (D:5)
  A lemure (D:7)
  A kobold brigand (D:6)
  A bullfrog (D:7)
  A gnoll sergeant (D:8)
  A scorpion (D:6)
  Dowan (D:5)
  2 hounds
  3 gnoll boudas
  4 iguanas
  2 orc wizards
  22 gnolls
  4 adders
  3 white imps
  A bombardier beetle (D:5)
  2 ufetubi (D:5)
  4 dart slugs
  16 orcs
  3 ball pythons
  7 endoplasms
  2 giant cockroaches
  6 goblins
  11 hobgoblins
  3 jackals (D:4)
  2 quokkas
  4 bats
  3 frilled lizards
  11 kobolds
  10 rats
147 creatures vanquished.

Notes
Turn   | Place    | Note
-------+----------+-------------------------------------------
     0 | D:1      | Bnni the Formicid Earth Elementalist began the quest for
                  | the Orb.
     0 | D:1      | Reached XP level 1. HP: 13/13 MP: 3/3
     6 | D:1      | Noticed a redback
     6 | D:1      | Noticed a wyvern
     6 | D:1      | Noticed a black mamba
     7 | D:1      | Noticed a swamp worm
     7 | D:1      | Noticed a crocodile
   126 | D:1      | Reached XP level 2. HP: 18/19 MP: 0/5
   304 | D:1      | Reached skill level 4 in Earth Magic
   686 | D:1      | Reached XP level 3. HP: 24/25 MP: 2/6
   830 | D:1      | Reached skill level 1 in Fighting
  1361 | D:2      | Identified the +1 hand axe "Dining" {flame, *Slow rN+
                  | Dex+4}
  1398 | D:2      | Identified the flux talisman of Prudence {rC+ Int+2}
  1523 | D:2      | Found a faded altar of an unknown god.
  1534 | D:2      | Got Plato's Notes on Bolts
  1538 | D:2      | Learned a level 2 spell: Passwall
  1542 | D:2      | Learned a level 3 spell: Stone Arrow
  1682 | D:3      | Reached XP level 4. HP: 29/32 MP: 8/8
  1741 | D:3      | Reached skill level 5 in Earth Magic
  1784 | D:3      | Reached XP level 5. HP: 17/38 MP: 7/9
  1962 | D:3      | Found a faded altar of an unknown god.
  1962 | D:3      | Found a faded altar of an unknown god.
  1964 | D:3      | Found a hazy altar of Hepliaklqana.
  2224 | D:3      | Identified the +8 short sword "Qafrao" {venom, Dex+4}
  2569 | D:4      | Found a staircase to the Ecumenical Temple.
  2586 | Temple   | Entered the Ecumenical Temple
  2603 | Temple   | Became a worshipper of Cheibriados the Contemplative
  2650 | D:4      | Noticed a black bear
  2658 | D:4      | Killed a black bear
  2659 | D:4      | Reached skill level 1 in Invocations
  2659 | D:4      | Reached XP level 6. HP: 43/46 MP: 10/10
  2780 | D:4      | Noticed Eustachio
  2796 | D:4      | Killed Eustachio
  2797 | D:4      | Reached skill level 1 in Armour
  2797 | D:4      | Reached skill level 6 in Earth Magic
  2882 | D:4      | Reached XP level 7. HP: 47/51 MP: 12/12
  3319 | D:5      | Entered Level 5 of the Dungeon
  3456 | D:5      | Found Vuukesun's Neck Hole.
  3473 | D:5      | Noticed a two-headed ogre
  3482 | D:5      | HP: 3/75 [phantom (6)]
  3483 | D:5      | Killed a two-headed ogre
  3483 | D:5      | Reached * piety under Cheibriados
  3484 | D:5      | Reached skill level 7 in Earth Magic
  3484 | D:5      | Reached XP level 8. HP: 4/60 MP: 11/14
  3688 | D:5      | Reached skill level 5 in Invocations
  3764 | D:5      | Noticed Dowan
  3786 | D:5      | Killed Dowan
  4096 | D:5      | Noticed Duvessa
  4109 | D:5      | Killed Duvessa
  4355 | D:5      | Reached skill level 8 in Earth Magic
  4355 | D:5      | Reached XP level 9. HP: 66/66 MP: 15/15
  4632 | D:6      | Found a basalt altar of Yredelemnul.
  4852 | D:6      | Identified the +4 ring mail of the Healing Gods {Rampage
                  | rElec rN++ Int-4}
  4910 | D:6      | Reached skill level 5 in Spellcasting
  4914 | D:6      | You fall into a shaft and drop 2 floors!
  4947 | D:8      | Reached ** piety under Cheibriados
  4960 | D:8      | Reached skill level 5 in Fighting
  5153 | D:8      | Reached skill level 9 in Earth Magic
  5375 | D:8      | Found a glowing silver altar of Zin.
  5456 | D:8      | Found a broken altar of Ashenzari.
  5966 | D:7      | Noticed Pikel
  5976 | D:7      | Killed Pikel
  5977 | D:7      | Reached skill level 5 in Armour
  5977 | D:7      | Reached XP level 10. HP: 69/76 MP: 17/17
  6006 | D:7      | Found a blossoming altar of Fedhas.
  6127 | D:7      | Found a sacrificial altar of Ru.
  6430 | D:8      | Reached *** piety under Cheibriados
  6431 | D:8      | Reached skill level 10 in Earth Magic
  6589 | D:8      | Learned a level 4 spell: Brom's Barrelling Boulder
  6594 | D:8      | Learned a level 4 spell: Petrify
  6608 | D:9      | Found Gueni's Distillery.
  6733 | D:9      | Noticed Jeremiah
  6733 | D:9      | Noticed Erica
  6733 | D:9      | Found a staircase to the Orcish Mines.
  6745 | D:8      | Slain by Erica

Illustrated notes

Levels and vault maps discovered:
D:1:      onia_arrival_zoo_common, layout_loops_cross
D:2:      layout_rooms, shapermc_ecumenical_altar_rom_forum
D:3:      layout_loops_ring, nicolae_hepliaklqana_ecumenical_no_more
D:4:      layout_loops_ring, temple_green, minmay_surrounded, uniq_eustachio
D:5:      layout_cave_pods, nicolae_shop_sticking_my_neck_out, uniq_duvessa
D:6:      hangedman_cross_stitches, layout_loops_corners,
          mainiacjoe_overflow_brackets
D:7:      layout_loops_cross, kennysheep_mini, hangedman_ru_absence,
          columned_hall_lemuel, chequers_jeans, serial_park_tiny_1, uniq_pikel
D:8:      layout_basic, kennysheep_little_box, zin_academy
D:9:      layout_big_octagon, trog_butcher_becter, david_orc_2, serial_shops,
          shop, uniq_jeremiah, uniq_erica
Temple:   eino_temple_water

Skill      XL: |  1  2  3  4  5  6  7  8  9 10 |
---------------+-------------------------------+-----
Alchemy        | 2 |  2.0
Earth Magic    | 4 5 6 7 8 9 10 | 10.1
Fighting       | 1 2 3 4 5 6 |  6.0
Spellcasting   | 3 4 5 |  5.2
Invocations    | 1 2 4 5 7 8 |  8.4
Armour         | 1 3 5 |  5.3
Dodging        | |  1.7
Stealth        | |  2.4

Action                     |  1- 3 |  4- 6 |  7- 9 | 10-12 || total
---------------------------+-------+-------+-------+-------++-------
  Melee: Short sword       |    10 |    26 |    96 |    13 ||   145
         Hand axe          |     3 |     1 |       |       ||     4
         Punch             |       |       |     1 |       ||     1
   Cast: Sandblast         |    41 |    43 |    98 |    11 ||   193
 Invoke: Bend Time         |       |       |       |     1 ||     1
Ability: Dig               |       |       |     1 |       ||     1
         Shaft Self        |       |       |     1 |       ||     1
  Evoke: Wand              |       |       |     3 |       ||     3
    Use: Scroll            |       |       |    13 |     1 ||    14
         Potion            |       |       |     2 |       ||     2
 Armour: Robe              |    12 |    13 |       |       ||    25
         Chain mail        |       |    29 |    39 |       ||    68
         Skin              |       |       |    15 |       ||    15
         Ring mail         |       |       |    87 |    40 ||   127
  Dodge: Dodged            |    14 |    25 |    90 |    18 ||   147

Table legend: (Time is in decaauts)
 A = Elapsed time spent in this place.
 B = Non-inter-level travel time spent in this place.
 C = Inter-level travel time spent in this place.
 D = Time resting spent in this place.
 E = Time spent auto-exploring this place.
 F = Levels seen in this place.
 G = Mean time per level.
                   A        B        C        D        E       F      G
               +--------+--------+--------+--------+--------+-----+--------+
         Total |   7954 |   7511 |    443 |    698 |   5645 |  10 |  795.4 |
       Dungeon |   7915 |   7509 |    406 |    698 |   5645 |   9 |  879.4 |
        Temple |     39 |      3 |     36 |      0 |      0 |   1 |   39.0 |
               +--------+--------+--------+--------+--------+-----+--------+

Top non-repeatable levels by time:
     D:5: 1573 daAuts
     D:8: 1335 daAuts
     D:7: 1158 daAuts
     D:1: 1070 daAuts
     D:4: 952 daAuts
     D:3: 844 daAuts
     D:2: 624 daAuts
     D:6: 342 daAuts
  Temple: 39 daAuts
     D:9: 14 daAuts
